Dungeon Sprint DCSS version 0.21.1-1-g345015f (webtiles) character file.

8200000 Fang the Axe Maniac (level 27, -199/270 (273) HPs) Began as a Minotaur Gladiator on May 11, 2018. Was the Champion of Makhleb. Annihilated by a destroyer ... wielding a +9 great sword of slicing (218 damage) ... in the Dungeon (Sprint VIII: "Arena of Blood"). The game lasted 00:01:27 (82 turns). Fang the Axe Maniac (Minotaur Gladiator) Turns: 82, Time: 00:01:27 HP: -199/270 (273)AC: 6 Str: 28 XL: 27 MP: 31/53 EV: 32 Int: 5 God: Makhleb [******] Gold: 0 SH: 0 Dex: 16 Spells: 80/80 levels left rFire . . . SeeInvis . l - +∞ Axe of Woe rCold . . . Gourm . (shield currently unavailable) rNeg . . . Faith . b - +0 leather armour rPois . Spirit . c - +0 hat rElec . Reflect . (no cloak) rCorr . Harm . (no gloves) MR ++... NoTele + (no boots) Stlth +++++++++. (no amulet) HPRegen 0.55/turn (no ring) MPRegen 0.33/turn (no ring) @: no status effects A: retaliatory headbutt, horns 2 a: Minor Destruction, Lesser Servant of Makhleb, Major Destruction, Greater Servant of Makhleb, Renounce Religion You were in the Dungeon. You worshipped Makhleb. Makhleb was exalted by your worship. You were not hungry. You visited 1 branch

Inventory:

Hand Weapons
 a - a +0 war axe
 l - the +∞ Axe of Woe (weapon)
   (You found it in the Dungeon)
Missiles
 d - 3 throwing nets (quivered)
Armour
 b - a +0 leather armour (worn)
 c - a +0 hat (worn)
Scrolls
 k - a scroll of blinking
Potions
 h - a potion of haste
 i - 2 potions of magic
 j - a potion of berserk rage
Comestibles
 f - a ration


   Skills:
 O Level 27 Fighting
 O Level 27 Axes
 O Level 27 Throwing
 O Level 27 Armour
 O Level 27 Dodging
 O Level 27 Stealth
 O Level 27 Unarmed Combat
 O Level 27 Spellcasting
 O Level 27 Invocations


You had 80 spell levels left.
You didn't know any spells.

Dungeon Overview and Level Annotations

Branches:
Dungeon (1/1)

Altars:
Makhleb


Innate Abilities, Weirdness & Mutations

You reflexively headbutt those who attack you in melee.
You have a pair of horns on your head.


Message History

The meat beast tramples you!
You hold your ground!
You hear a shout! x2
The meat beast completely misses you. The meat beast tramples you!!
* * * LOW HITPOINT WARNING * * *
You hold your ground!
You hear a shout! x4
The dread calls on the powers of darkness!
The meat berserker convulses!
The eight-headed meat hydra convulses!
The bag of meat convulses!
Your body is wracked with pain!
* * * LOW HITPOINT WARNING * * *
The bag of meat convulses! x2
The bag of meat hits you with a +9 war axe.
* * * LOW HITPOINT WARNING * * *
The accursed points at you and mumbles some strange words.
Something smites you!
* * * LOW HITPOINT WARNING * * *
You hear a shout! x2
The destroyer hits you with a +9 great sword of slicing!!!!!
Ouch! That really hurt!
You die...

..... #%......#
.#... #.§XW...#
.....###.§))...###.
......%.W)###......
..#....)W)§_.......
#.%....§#§§)..#...
L.O...))#_%<._#
#.o..DV.#%)...#
..#..oo@O2.M......
..........###......
.....###o......###.
..... #.......#
..... #.......#
.... ......... .#§
....... .......


You could see an accursed, a meat beast, a tyrant, an eight-headed meat hydra, a
destroyer, 2 dreads, 2 meat berserkers and 4 bags of meat.

Vanquished Creatures
  4 hell beasts (D)
  3 greater mummies (D)
  11 vampire knights (D)
  16 ogres (D)
  5 two-headed ogres (D)
  2 liches (D)
  44 orcs (D)
  5 skeletal warriors (D)
  3 small abominations (D)
  5 large abominations (D)
  6 crawling corpses (D)
104 creatures vanquished.

Vanquished Creatures (others)
  2 crawling corpses (D)
2 creatures vanquished.

Grand Total: 106 creatures vanquished

Notes
Turn   | Place    | Note
-------+----------+-------------------------------------------
     0 | D        | Found the +∞ Axe of Woe
     0 | D        | Fang the Minotaur Gladiator began the quest for the Orb.
     0 | D        | Reached XP level 1. HP: 18/18 MP: 0/0
     2 | D        | Noticed a bag of meat
     3 | D        | Noticed a bag of meat
     3 | D        | Noticed a bag of meat
     3 | D        | Noticed a bag of meat
     4 | D        | Noticed a bag of meat
     5 | D        | Noticed a bag of meat
     5 | D        | Noticed a bag of meat
     6 | D        | Noticed a bag of meat
     6 | D        | Noticed a bag of meat
     8 | D        | Became a worshipper of Makhleb the Destroyer
     9 | D        | Killed a bag of meat
     9 | D        | Reached XP level 2. HP: 22/42 MP: 1/1
     9 | D        | Reached XP level 3. HP: 25/49 MP: 2/2
     9 | D        | Reached XP level 4. HP: 29/57 MP: 3/3
     9 | D        | Reached XP level 5. HP: 33/63 MP: 4/4
     9 | D        | Reached XP level 6. HP: 37/71 MP: 5/5
     9 | D        | Reached XP level 7. HP: 40/78 MP: 6/6
     9 | D        | Reached XP level 8. HP: 44/85 MP: 7/7
     9 | D        | Reached XP level 9. HP: 47/91 MP: 8/8
     9 | D        | Reached XP level 10. HP: 51/99 MP: 9/9
     9 | D        | Reached XP level 11. HP: 55/105 MP: 10/10
     9 | D        | Killed a bag of meat
     9 | D        | Reached * piety under Makhleb
     9 | D        | Reached skill level 10 in Throwing
     9 | D        | Reached XP level 12. HP: 61/117 MP: 11/11
    10 | D        | Killed a bag of meat
    10 | D        | Reached skill level 15 in Fighting
    10 | D        | Reached XP level 13. HP: 49/127 MP: 12/12
    10 | D        | Killed a bag of meat
    10 | D        | Reached skill level 27 in Axes
    10 | D        | Reached XP level 14. HP: 54/138 MP: 13/13
    11 | D        | Noticed a meat berserker
    11 | D        | Killed a bag of meat
    11 | D        | Reached ** piety under Makhleb
    14 | D        | Noticed a meat berserker
    14 | D        | Killed a meat berserker
    14 | D        | Reached skill level 27 in Dodging
    14 | D        | Reached XP level 15. HP: 29/166 MP: 14/14
    14 | D        | Reached skill level 5 in Armour
    17 | D        | Killed a meat berserker
    17 | D        | Reached *** piety under Makhleb
    17 | D        | Reached skill level 27 in Fighting
    17 | D        | Reached XP level 16. HP: 171/183 MP: 15/15
    18 | D        | Noticed a meat berserker
    19 | D        | Killed a meat berserker
    19 | D        | Reached skill level 27 in Throwing
    19 | D        | Reached XP level 17. HP: 191/191 MP: 16/16
    21 | D        | Noticed a meat berserker
    22 | D        | Reached **** piety under Makhleb
    23 | D        | Noticed a meat berserker
    23 | D        | Noticed a meat berserker
    23 | D        | Noticed a large bag of meat
    24 | D        | Noticed a meat berserker
    24 | D        | Killed a meat berserker
    24 | D        | Reached skill level 27 in Armour
    24 | D        | Reached XP level 18. HP: 200/200 MP: 17/17
    24 | D        | Killed a large bag of meat
    24 | D        | Reached skill level 15 in Invocations
    25 | D        | Noticed a large bag of meat
    26 | D        | Reached ***** piety under Makhleb
    26 | D        | Reached skill level 15 in Stealth
    26 | D        | Reached XP level 19. HP: 188/207 MP: 17/34
    27 | D        | Noticed a meat berserker
    27 | D        | Killed a meat berserker
    28 | D        | Reached skill level 15 in Spellcasting
    29 | D        | Reached XP level 20. HP: 216/216 MP: 17/39
    29 | D        | Noticed a destroyer
    30 | D        | Killed a meat berserker
    31 | D        | Reached skill level 27 in Unarmed Combat
    31 | D        | Reached ****** piety under Makhleb
    32 | D        | Noticed a large bag of meat
    32 | D        | Killed a meat berserker
    32 | D        | Reached skill level 27 in Invocations
    32 | D        | Reached XP level 21. HP: 224/224 MP: 18/45
    32 | D        | Reached skill level 27 in Stealth
    33 | D        | Reached skill level 27 in Spellcasting
    33 | D        | Reached XP level 22. HP: 233/233 MP: 18/52
    34 | D        | Noticed a destroyer
    34 | D        | Noticed a large bag of meat
    36 | D        | Noticed a destroyer
    36 | D        | Killed a large bag of meat
    36 | D        | Killed a destroyer
    36 | D        | Reached XP level 23. HP: 240/240 MP: 19/53
    37 | D        | Killed a destroyer
    39 | D        | Reached XP level 24. HP: 249/249 MP: 20/53
    41 | D        | Noticed a destroyer
    41 | D        | Killed a destroyer
    43 | D        | Killed a large bag of meat
    43 | D        | Killed a large bag of meat
    43 | D        | Reached XP level 25. HP: 257/257 MP: 21/53
    45 | D        | Noticed a destroyer
    49 | D        | Noticed a tyrant
    49 | D        | Noticed a destroyer
    49 | D        | Reached XP level 26. HP: 266/266 MP: 22/53
    50 | D        | Noticed a destroyer
    50 | D        | Killed a destroyer
    51 | D        | Noticed a large bag of meat
    52 | D        | Killed a destroyer
    53 | D        | Noticed an accursed
    53 | D        | Killed a destroyer
    53 | D        | Reached XP level 27. HP: 273/273 MP: 23/53
    54 | D        | Noticed a destroyer
    54 | D        | Killed a tyrant
    55 | D        | Noticed an accursed
    55 | D        | Killed a destroyer
    56 | D        | Noticed a destroyer
    58 | D        | Noticed a destroyer
    58 | D        | Killed a large bag of meat
    60 | D        | Noticed a tyrant
    61 | D        | Noticed a meat beast
    62 | D        | Noticed a meat beast
    62 | D        | Killed a meat beast
    62 | D        | Killed a destroyer
    63 | D        | Noticed a destroyer
    63 | D        | Killed a meat beast
    64 | D        | Noticed a tyrant
    65 | D        | Killed an accursed
    65 | D        | Killed a destroyer
    66 | D        | Killed a destroyer
    66 | D        | Killed a destroyer
    68 | D        | Noticed a dread
    69 | D        | Killed an accursed
    72 | D        | Noticed a dread
    72 | D        | Noticed a meat beast
    75 | D        | Noticed an accursed
    76 | D        | Killed a meat beast
    77 | D        | Noticed an accursed
    78 | D        | Noticed a meat beast
    78 | D        | Noticed a meat beast
    78 | D        | Noticed a dread
    79 | D        | Killed an accursed
    80 | D        | Killed a tyrant
    81 | D        | Noticed a destroyer
    81 | D        | Killed a meat beast
    82 | D        | Annihilated by a destroyer

Skill      XL: |  1  2  3  4  5  6  7  8  9 10 11 12 13 14 15 16 17 18 19 20 21 |
---------------+----------------------------------------------------------------+-----
Fighting       | 12 14 15 16 23 27 | 27.0
Axes           | 20 23 25 27 | 27.0
Throwing       | 9 10 11 12 17 24 27 | 27.0
Dodging        | 19 21 23 24 27 | 27.0
Armour         | 4 8 17 27 | 27.0
Stealth        | 15 21 26 27 | 27.0
Unarmed Combat | 18 24 27 | 27.0
Spellcasting   | 12 16 21 27 | 27.0
Invocations    | 16 22 27 | 27.0

Action                   |  1- 3 |  4- 6 |  7- 9 | 10-12 | 13-15 | 16-18 | 19-21 | 22-24 | 25-27 || total
-------------------------+-------+-------+-------+-------+-------+-------+-------+-------+-------++-------
Melee: Executioner's axe |     1 |       |       |     1 |     3 |     5 |     7 |     9 |    29 ||    55
  Use: Potion            |       |       |       |       |       |       |       |       |     2 ||     2
Armor: Leather armour    |       |       |       |       |       |       |       |       |     2 ||     2
Dodge: Dodged            |       |       |       |       |       |     1 |       |       |     5 ||     6
